 Dungeon Crawl Stone Soup version bcrawl-1.13 (webtiles) character file.

Game seed: 7950945562236045378

28 Camlann the Sneak (level 3, 25/29 HPs)
             Began as a Demonspawn Archaeologist on July 28, 2019.
             Quit the game on level 2 of the Dungeon.
             The game lasted 00:01:01 (976 turns).

Camlann the Sneak (Demonspawn Archaeologist)         Turns: 976, Time: 00:01:02

Health: 25/29      AC:  6    Str: 12    XL:     3   Next: 0%
Magic:  3/3        EV: 12    Int: 15    God:
Gold:   156        SH:  0    Dex: 11    Spells: 2/2 levels left

rFire    . . .     SeeInvis .   a - +0 whip
rCold    + . .     Gourm    .   (no shield)
rNeg     . . .     Faith    .   b - +1 robe
rPois    .         Spirit   .   c - +1 hat
rElec    .         Reflect  .   (no cloak)
rCorr    .         Harm     .   (no gloves)
MR       .....                  d - +1 pair of boots
Stlth    ++........             (no amulet)
HPRegen  0.09/turn              (no ring)
MPRegen  0.08/turn              (no ring)

@: studying Bows
A: horns 1, cold resistance 1
a: no special abilities


You were on level 2 of the Dungeon.
You were not hungry.

You visited 1 branch of the dungeon, and saw 2 of its levels.

You collected 156 gold pieces.


Innate Abilities, Weirdness & Mutations

You have a pair of small horns on your head.
Your flesh is cold resistant. (rC+)


   Skills:
 + Level 3.0 Fighting
 - Level 0.8 Maces & Flails
 - Level 2.6 Dodging
 - Level 3.0 Stealth


You had 2 spell levels left.
You didn't know any spells.
Your spell library was empty.

Dungeon Overview and Level Annotations

Branches:
Dungeon (2/12)

Altars:

Inventory:

Hand Weapons
 a - a +0 whip (weapon)
Armour
 b - a +1 robe (worn)
 c - a +1 hat (worn)
 d - a +1 pair of boots (worn)
Scrolls
 j - a scroll of identify {unknown}
 l - a scroll of amnesia {unknown}
Potions
 h - a potion of curing {unknown}
 i - 2 potions of agility {unknown}
 k - a potion of mutation {unknown}
 m - a potion of heal wounds {unknown}
Books
 e - a manual of Bows
Miscellaneous
 f - an ancient crate
Comestibles
 g - a ration {!d}

......#
......
...... ...r
## w.. .#
#.###.#####
#.l........
#6.........
#.......%..
#..<.......
#..........
#..........
#..........
#..........
#..........
#####....##


You could see a dart slug, a leopard gecko and a rat.


Message History

The giant cockroach is severely wounded.
The giant cockroach bites you.
You hit the giant cockroach.
You kill the giant cockroach!
No target in view!
No target in view!
No target in view!
No target in view!
No target in view!
No target in view!
No target in view!
No target in view!
No target in view!
No target in view!
No target in view!
No target in view!
Found 171 stones.
Found 8 gold pieces.
You now have 156 gold pieces (gained 8).
A goblin comes into view. It is wielding a +0 dagger.
A goblin is nearby!
The helpless goblin fails to defend itself.
You hit the goblin.
You kill the goblin!
Your Fighting skill increases to level 3!
No target in view!
No target in view!
No target in view!
No target in view!
No target in view!
No target in view!
No target in view!
No target in view!
No target in view!
No target in view!
No target in view!
No target in view!
No target in view!
You see here a +0 dagger.
Done exploring.
Done exploring.
(D) Dungeon
Where to? (? - help)
There is a stone staircase leading down here.
You climb downwards.
A rat and a kobold come into view.
The kobold shouts!
You hear an angry hiss.
Found a ration.
There is a stone staircase leading up here.
The kobold misses you.
You closely miss the kobold. The kobold hits you but does no damage.
You barely miss the kobold.
A leopard gecko comes into view.
A dart slug comes into view.
The kobold hits you with a cursed -1 dagger.
You hit the kobold.
You kill the kobold!
You have reached level 3!
Your experience leads to an increase in your attributes!
Increase (S)trength, (I)ntelligence, or (D)exterity?
You feel stronger.
You feel monstrous as your demonic heritage exerts itself.
Your demonic ancestry asserts itself...
A pair of horns grows on your head!
You have an epiphany!
The dusty tome is a manual of Bows!
Reading it may be key to unlocking the crate...
The leopard gecko barely misses you. The dart slug launches a dart at you.
The slug dart hits you! The leopard gecko bites you.
Things that are here:
a cursed -1 dagger; 3 stones; a kobold corpse Are you sure you want to abandon this character and quit the game? (Confirm with "yes".)

Action                   || total
-------------------------++-------
Melee: Whip              ||    62
 Stab: Sleeping          ||     6
Armor: Robe              ||    17
Dodge: Dodged            ||    33

Levels and vault maps discovered:
D:1:      sevenhm_arrival_forest_fort_small_4, layout_basic
D:2:      layout_rooms, grunt_temple_overflow_open, first_ration

Notes
Turn   | Place    | Note
-------+----------+-------------------------------------------
     0 | D:1      | Camlann the Demonspawn Archaeologist began the quest for
                  | the Orb.
     0 | D:1      | Reached XP level 1. HP: 15/15 MP: 1/1
    43 | D:1      | Reached skill level 2 in Fighting
   254 | D:1      | Gained mutation: Your flesh is cold resistant. (rC+)
                  | [demonic ancestry]
   254 | D:1      | Reached XP level 2. HP: 22/22 MP: 2/2
   909 | D:1      | Reached skill level 3 in Fighting
   974 | D:2      | Gained mutation: You have a pair of small horns on your
                  | head. [demonic ancestry]
   974 | D:2      | Reached XP level 3. HP: 28/29 MP: 3/3
   976 | D:2      | Quit the game

Vanquished Creatures
  A dart slug (D:1)
  4 leopard geckos (D:1)
  A ball python (D:1)
  5 giant cockroaches (D:1)
  A goblin (D:1)
  3 hobgoblins (D:1)
  4 kobolds
19 creatures vanquished.
